 Dungeon Crawl Stone Soup version 0.19.1 (webtiles) character file.

62 esteth the Skirmisher (level 3, -5/30 HPs)
             Began as a Demonspawn Chaos Knight on Dec 13, 2016.
             Slain by Sigmund
             ... wielding a +0 scythe
              (10 damage)
             ... on level 2 of the Dungeon.
             The game lasted 00:03:46 (991 turns).

esteth the Skirmisher (Demonspawn Chaos Knight)      Turns: 991, Time: 00:03:46

Health: -5/30      AC:  8    Str: 13    XL:     3   Next: 85%
Magic:  3/3        EV:  8    Int: 13    God:    Xom [.*....]
Gold:   21         SH:  0    Dex: 14    Spells: 0 memorised, 2 levels left

rFire  . . .     SeeInvis .     a - +0 spear (chaos)
rCold  + . .     Gourm    .     b - +2 leather armour
rNeg   . . .     Faith    .     e - +0 shield
rPois  +         Spirit   .     (no helmet)
rElec  .         Reflect  .     h - +2 cloak {rPois}
rCorr  .         Harm     .     (no gloves)
MR     .....     Rnd*Tele +     (no boots)
Stlth  +.........               (no amulet)
                                l - ring of teleportation (curse)
                                j - ring of protection from cold

@: confused
A: thin skeletal structure 1
a: Renounce Religion


You were on level 2 of the Dungeon.
You worshipped Xom.
You were a plaything of Xom.
You were not hungry.

You visited 1 branch of the dungeon, and saw 2 of its levels.

You collected 21 gold pieces.

Inventory:

Hand Weapons
 a - a +0 spear of chaos (weapon)
Armour
 b - a +2 leather armour (worn)
 e - a +0 shield (worn)
 h - a +2 cloak of poison resistance (worn)
Jewellery
 j - a ring of protection from cold (left hand)
 l - a cursed ring of teleportation (right hand)
Scrolls
 d - 2 scrolls of enchant weapon {unknown}
 f - 2 scrolls of remove curse {unknown}
 g - a scroll of fog {unknown}
 k - a scroll of identify {unknown}
 m - a scroll of blinking {unknown}
Potions
 i - a potion of curing {unknown}
Comestibles
 c - 2 bread rations
 n - a beef jerky


   Skills:
 + Level 3.8 Fighting
 * Level 3.6 Polearms
 - Level 2.0 Armour
 - Level 1.0 Dodging


You had 2 spell levels left.
You didn't know any spells.

Dungeon Overview and Level Annotations

Branches:
Dungeon (2/15)

Altars:

Annotations:
D:2 Sigmund


Innate Abilities, Weirdness & Mutations

You have a somewhat thin skeletal structure. (Dex +2, Stealth)


Message History

Sigmund hits you but does no damage.
You closely miss Sigmund.
Sigmund is lightly wounded.
Sigmund casts a spell.
Sigmund flickers and vanishes!
Deactivating autopickup; reactivate with Ctrl-A.
You closely miss something.
You hear some strange, mumbled words.
You are confused.
You hear some strange, mumbled words.
You are more confused.
Something hits you. The quokka bites you.
* * * LOW HITPOINT WARNING * * *
You barely miss the quokka. The quokka closely misses you.
The quokka barely misses you. Something hits you.
* * * LOW HITPOINT WARNING * * *
The quokka barely misses you. Something hits you!
You die...

#...# #######...#
#.........#
#.........#
#.........########.
+..................
######...............#
.....................+
######..........@....#
##########.r....#
#......# #......#
#......# ########
#.##..### #........


You could see a quokka.

Vanquished Creatures
  2 adders (D:2)
  A worm (D:2)
  3 dart slugs (D:1)
  3 leopard geckos (D:1)
  2 ball pythons (D:1)
  A giant cockroach (D:1)
  5 goblins (D:1)
  3 hobgoblins
  5 kobolds (D:1)
  A quokka (D:2)
  3 bats (D:1)
  A frilled lizard (D:2)
  5 rats
35 creatures vanquished.

Notes
Turn   | Place    | Note
-------+----------+-------------------------------------------
     0 | D:1      | esteth the Demonspawn Chaos Knight began the quest for the Orb.
     0 | D:1      | Reached XP level 1. HP: 18/18 MP: 1/1
   136 | D:1      | Gained mutation: You have a somewhat thin skeletal structure. (Dex +2, Stealth) [demonic ancestry]
   136 | D:1      | Reached XP level 2. HP: 12/24 MP: 2/2
   245 | D:1      | XOM: mild Air miscast
   300 | D:1      | Reached skill level 1 in Dodging
   657 | D:1      | Reached XP level 3. HP: 29/29 MP: 3/3
   727 | D:1      | XOM: 8-stop teleportation journey
   962 | D:2      | Noticed Sigmund
   991 | D:2      | Slain by Sigmund

Skill      XL: |  1  2 |
---------------+-------+-----
Dodging        | 1 |  1.0
Armour         | 2 |  2.0
Polearms       | 3 |  3.6
Fighting       | |  3.8

Action                   || total
-------------------------++-------
Melee: Spear             ||   101
 Stab: Petrified         ||     1
Armor: Leather armour    ||    31
Dodge: Dodged            ||    42
Block: Shield            ||    20
